 Dungeon Crawl Stone Soup version 0.15.0-27-gbdb0435 (webtiles) character file.

105 Patate the Shield-Bearer (level 4, 0/39 HPs)
             Began as a Minotaur Fighter on Sept 10, 2014.
             Killed by divine providence
             ... invoked by an orc priest
              (16 damage)
             ... on Level 3 of the Dungeon.
             The game lasted 00:08:21 (2079 turns).

Patate the Shield-Bearer (Minotaur Fighter)         Turns: 2079, Time: 00:08:21

HP   0/39        AC  8     Str 21      XL: 4   Next: 54%
MP   2/2         EV  7     Int  5      God:
Gold 112         SH 10     Dex 10      Spells:  0 memorised,  3 levels left

rFire  . . .     SeeInvis .     a - +0 war axe
rCold  . . .     Clarity  .     b - +0 scale mail
rNeg   . . .     rCorr    .     c - +0 shield
rPois  .         rRot     .     (helmet restricted)
rElec  .         Spirit   .     (no cloak)
SustAb .         Warding  .     q - +0 pair of gloves
rMut   .         Stasis   .     (no boots)
Gourm  .                        (no amulet)
MR     .....                    (no ring)
                                (no ring)

@: not resistant to hostile enchantments, extremely unstealthy
A: retaliatory headbutt, horns 2
a: no special abilities


You were on level 3 of the Dungeon.
You were hungry.

You visited 1 branch of the dungeon, and saw 3 of its levels.

You collected 112 gold pieces.

Inventory:

Hand weapons
 a - a +0 war axe (weapon)
Armour
 b - a +0 scale mail (worn)
 c - a +0 shield (worn)
 q - a +0 pair of gloves (worn)
Magical devices
 k - a wand of fireball (5) {unknown}
Comestibles
 d - 3 bread rations
 p - a chunk of goblin flesh
 s - a chunk of adder flesh
Scrolls
 f - 4 scrolls of identify {unknown}
 g - a scroll of enchant armour {unknown}
 j - 2 scrolls of recharging {unknown}
 m - 3 scrolls of remove curse {unknown}
 o - a scroll of noise {unknown}
Jewellery
 n - an uncursed amulet of the gourmand {unknown}
Potions
 e - 3 potions of might
 h - 3 potions of heal wounds {unknown}
 i - a potion of curing {unknown}
 l - a potion of restore abilities {unknown}
 r - a potion of lignification {unknown}


   Skills:
 - Level 3.6 Fighting
 - Level 2.4 Axes
 + Level 5.0 Armour
 + Level 5.4 Shields


You had 3 spell levels left.
You didn't know any spells.

Dungeon Overview and Level Annotations

Branches:
Dungeon (3/15)

Altars:


Innate Abilities, Weirdness & Mutations

You reflexively headbutt those who attack you in melee.
You have a pair of horns on your head.


Message History

Pain shoots through your body! You block the orc's attack.
The orc priest hits you with a dagger.
Dmg: -8%(-3hp) hp: 85%(33hp) Unknown command.
You closely miss the orc.
The orc is heavily wounded.
You block the orc's attack. You block the orc's attack.
The orc priest calls down the wrath of Beogh upon you.
Pain shoots through your body!
Dmg: -15%(-6hp) hp: 75%(29hp)
The orc priest invokes the aid of Beogh against you.
Something smites you!
Huge Dmg: -31%(-12hp) hp: 44%(17hp)
The orc priest invokes the aid of Beogh against you.
Pain shoots through your body!
Dmg: -5%(-2hp) hp: 39%(15hp)
The orc priest mumbles some strange prayers to Beogh against you.
Something smites you!
You die...

#.#(. ..#.# #.##.#.####.#.#
#.##.#......#.#
###.##.#..#...#.#
........<....>#.#
#######.##.#.#....#.#
#..........#....#.#.#
#......(.o.####.#.#.#
####.....[.o.oo.@....#.####
.............###..........#
.###.........# #..........#
.###.........# #..........#
..##.........# #........###
#.##.........#
#........#########
#oo#######.###
###.###..........# ##.#
#.....# #.....########.# .#
#.....# #.....# #.#


You could see an orc priest and 3 orcs.

Vanquished Creatures
  The ghost of Rafael the Digger, a weakling DsEE (D:3)
  5 adders
  2 orcs
  4 bats
  4 giant cockroaches
  8 hobgoblins
  4 kobolds
  3 giant newts
  8 goblins
  3 rats
42 creatures vanquished.

Notes
Turn   | Place    | Note
--------------------------------------------------------------
     0 | D:1      | Patate, the Minotaur Fighter, began the quest for the Orb.
     0 | D:1      | Reached XP level 1. HP: 19/19 MP: 1/1
   363 | D:1      | Reached skill level 4 in Shields
   439 | D:1      | Reached XP level 2. HP: 24/26 MP: 1/1
  1003 | D:2      | Reached XP level 3. HP: 31/31 MP: 2/2
  1744 | D:3      | Noticed Rafael's ghost (weakling DsEE)
  1822 | D:3      | Reached skill level 5 in Shields
  1822 | D:3      | Reached XP level 4. HP: 39/39 MP: 2/2
  1995 | D:3      | Killed Rafael's ghost
  1995 | D:3      | Reached skill level 5 in Armour
  2079 | D:3      | Killed from afar by an orc priest

Action                   |  1- 3 |  4- 6 || total
-------------------------+-------+-------++-------
Melee: War axe           |    87 |    23 ||   110
  Eat: Chunk             |     3 |       ||     3
